 Dungeon Crawl Stone Soup version 0.29.1-13-g9f3cf754e1 (webtiles) character file.

Game seed: 18336071777637603531

43971 unlimited1921 the Warrior (level 13, -5/100 (126) HPs)
             Began as a Minotaur Fighter on Feb 1, 2023.
             Was a High Priest of the Shining One.
             Slain by a ten-headed hydra (10 damage)
             ... on level 1 of the Lair of Beasts.
             The game lasted 01:39:12 (18169 turns).

unlimited1921 the Warrior (Minotaur Fighter)       Turns: 18169, Time: 01:39:13

HP:   -5/100 (126)  AC: 14    Str: 24    XL:     13   Next: 93%
MP:   22/22         EV: 14    Int:  5    God:    the Shining One [*****.]
Gold: 890           SH:  0    Dex: 12    Spells: 25/25 levels left

rFire   + . .      SeeInvis .   l - +1 glaive (flame)
rCold   + . .      Faith    .   (shield currently unavailable)
rNeg    + + .      Spirit   .   U - +0 troll leather armour
rPois   .          Reflect  .   (helmet restricted)
rElec   .          Harm     .   L - scarf {rC+ rF+}
rCorr   .          Rampage  .   g - +0 pair of gloves
Will    +....                   E - +2 pair of boots {Stlth+}
Stlth   ++........              t - amulet of the acrobat
HPRegen 1.06/turn               w - +4 ring of protection
MPRegen 0.18/turn               B - ring of willpower

@: glowing, studying Polearms, heavily drained
A: horns 2, retaliatory headbutt
a: Renounce Religion, Divine Shield, Cleansing Flame, Summon Divine Warrior


You were on level 1 of the Lair of Beasts.
You worshipped the Shining One.
The Shining One was extremely pleased with you.
You visited 3 branches of the dungeon, and saw 15 of its levels.
You also visited: Bailey.

You collected 1126 gold pieces.
You spent 236 gold pieces at shops.

Inventory:

Hand Weapons
 b - a +3 battleaxe
 l - a +1 glaive of flaming (weapon)
 p - a +7 broad axe
 y - a +0 falchion of holy wrath
 D - a +1 spear of freezing
 I - the +6 hand axe "Conservator" {antimagic, Drain rPois rF+ Will+}
   (You found it on level 6 of the Dungeon)

   It reduces the magical energy of the wielder, and disrupts the spells and
   magical abilities of those it strikes.
   Natural abilities and divine invocations are not affected.
   rF:        It protects you from fire.
   rPois:     It protects you from poison.
   Drain:     It drains your maximum health when unequipped.
   Will:      It increases your willpower.
 K - a +2 vorpal sling
 T - a +0 shortbow of flaming
Missiles
 q - 5 javelins
 V - 18 poisoned darts
Armour
 c - a +0 buckler
 g - a +0 pair of gloves (worn)
 z - a +0 chain mail
 E - a +2 pair of boots of stealth (worn)
 L - a scarf of resistance (worn)
 U - a +0 troll leather armour (worn)
 Z - +0 acid dragon scales
Jewellery
 t - an amulet of the acrobat (around neck)
 w - a +4 ring of protection (left hand)
 B - a ring of willpower (right hand)
 J - the amulet "Duaseorgh" {Spirit rN+ Will- SInv Stlth+}
   (You found it on level 6 of the Dungeon)

   [amulet of guardian spirit]

   It causes incoming damage to be divided between your reserves of health and
   magic.
   rN:        It protects you from negative energy.
   SInv:      It lets you see invisible.
   Will:      It decreases your willpower.
   Stlth:     It makes you more stealthy.
Wands
 n - a wand of digging (4)
 F - a wand of iceblast (7)
 H - a wand of flame (39) (quivered)
 N - a wand of light (2)
Scrolls
 a - 2 scrolls of poison
 e - 5 scrolls of amnesia
 f - 3 scrolls of butterflies
 i - 3 scrolls of enchant weapon
 j - a scroll of immolation
 k - 3 scrolls of teleportation
 o - 2 scrolls of silence
 s - a scroll of enchant armour {unknown}
 C - a scroll of blinking
 O - 2 scrolls of magic mapping
 Q - a scroll of summoning
Potions
 d - 4 potions of lignification
 h - 3 potions of mutation
 m - 3 potions of heal wounds
 r - 2 potions of might
 u - 5 potions of degeneration {unknown}
 v - 2 potions of flight
 x - 3 potions of brilliance
 A - a potion of invisibility
 G - a potion of magic
 M - a potion of attraction {unknown}
 P - 4 potions of curing
 R - 2 potions of resistance {unknown}
 X - 2 potions of cancellation {unknown}


   Skills:
 * Level 15.1 Fighting
 + Level 14.4 Axes
 + Level 1.7 Throwing
 + Level 10.0 Armour
 + Level 7.1 Dodging
 + Level 3.6 Stealth
 + Level 8.8 Shields
 * Level 6.8 Spellcasting
 * Level 5.9 Invocations
 - Level 2.7 Evocations


You had 25 spell levels left.
You didn't know any spells.
Your spell library contained the following spells:

 Spells                   Type           Power      Damage    Failure   Level
 Apportation              Tloc           2%         N/A       30%         1
 Freeze                   Ice            4%         1d3       30%         1
 Magic Dart               Conj           4%         1d3       30%         1
 Necrotise                Necr           4%         1d4       30%         1
 Summon Small Mammal      Summ           4%         N/A       30%         1
 Call Imp                 Summ           1%         N/A       41%         2
 Scorch                   Fire           2%         2d5       41%         2
 Searing Ray              Conj           2%         2d4       41%         2
 Sublimation of Blood     Necr           1%         N/A       41%         2
 Call Canine Familiar     Summ           1%         N/A       65%         3
 Frozen Ramparts          Ice            2%         1d1       65%         3
 Mephitic Cloud           Conj/Pois/Air  1%         N/A       65%         3
 Ozocubu's Armour         Ice            1%         N/A       65%         3
 Portal Projectile        Hex/Tloc       2%         N/A       65%         3
 Stone Arrow              Conj/Erth      2%         3d7       65%         3
 Animate Armour           Summ/Erth      2%         N/A       96%         4
 Animate Dead             Necr           1%         N/A       96%         4
 Flame Wave               Conj/Fire      1%         2d4       96%         4
 Fulminant Prism          Conj/Hex       0%         3d6       96%         4
 Hailstorm                Conj/Ice       1%         3d3       96%         4
 Iskenderun's Mystic Bla  Conj/Tloc      1%         2d3       96%         4
 Leda's Liquefaction      Hex/Erth       0%         N/A       96%         4
 Petrify                  Tmut/Erth      1%         N/A       96%         4
 Borgnjor's Vile Clutch   Necr/Erth      0%         N/A       100%        5
 Irradiate                Conj/Tmut      0%         3d11      100%        5
 Lee's Rapid Deconstruct  Erth           0%         3d5*      100%        5
 Metabolic Englaciation   Hex/Ice        0%         N/A       100%        5
 Summon Forest            Summ/Tloc      0%         N/A       100%        5
 Summon Mana Viper        Hex/Summ       1%         N/A       100%        5
 Death Channel            Necr           0%         N/A       100%        6
 Statue Form              Tmut/Erth      0%         N/A       100%        6
 Summon Cactus Giant      Summ           0%         N/A       100%        6
 Ozocubu's Refrigeration  Ice            0%         4d7       100%        7
 Lehudib's Crystal Spear  Conj/Erth      0%         10d2      100%        8


Dungeon Overview and Level Annotations

Branches:
Dungeon (12/15)            Temple (1/1) D:6            Lair (2/5) D:10
  Swamp (0/4) Lair:2        Snake (0/4) Lair:2          Orc (0/2) D:11
 Bailey (visited)

Altars:
Ashenzari
Cheibriados
Dithmenos
Elyvilon
Fedhas
Gozag
Hepliaklqana
Kikubaaqudgha
Makhleb
Nemelex Xobeh
Okawaru
Qazlal
Ru
Sif Muna
Trog
Uskayaw
Vehumet
Wu Jian
Xom
Yredelemnul
Zin
The Shining One

Shops:
D:10 [(

Annotations:
D:12 3 runed translucent doors, nroviw's ghost, journeyman MiFi


Innate Abilities, Weirdness & Mutations

You have a pair of horns on your head.
You reflexively headbutt those who attack you in melee.


Message History

You kill the bullfrog!
No target in view!
You can't wield that with only one hand.
You start removing your armour.
You continue taking off your +0 buckler. x4
You finish taking off your +0 buckler.
You feel drained.
You feel magic returning to you.
Your +1 glaive of flaming bursts into flame!
l - a +1 glaive of flaming (weapon)
You start resting.
Magic restored.
There is a stone staircase leading up here.
You climb upwards.
The 11-headed hydra bites you! The 11-headed hydra barely misses you.
The 11-headed hydra bites you but does no damage.
The 11-headed hydra bites you!
The 11-headed hydra completely misses you.
The 11-headed hydra bites you! The 11-headed hydra bites you. x2
The 11-headed hydra barely misses you.
The 11-headed hydra bites you but does no damage.
The 11-headed hydra bites you!
There is a stone staircase leading down, spattered with blood here.
You chop one of the 11-headed hydra's heads off!
The flame cauterises the wound!
You slice the ten-headed hydra!! You burn the ten-headed hydra!
The ten-headed hydra is moderately wounded.
The ten-headed hydra bites you.
The ten-headed hydra bites you but does no damage.
The ten-headed hydra bites you! x3
* * * LOW HITPOINT WARNING * * *
The ten-headed hydra barely misses you. The ten-headed hydra bites you!
* * * LOW HITPOINT WARNING * * *
The ten-headed hydra bites you!
* * * LOW HITPOINT WARNING * * *
The ten-headed hydra bites you but does no damage. x2
The ten-headed hydra bites you.
* * * LOW HITPOINT WARNING * * *
The ten-headed hydra closely misses you. x3
The ten-headed hydra bites you!
You die...

.###.....##
#.#.......##
#..... ..........
.#... ........
....# ####.....#
##..###.###....###
##......##....##D#
##..##..........@#
#[.##...###...##.#
.......†...#.##..#
###.#.#.##.#.###.#
# ###....#.#.# #..
#..###...# #.#
#..## #.#.. #.#
##.# #.##. #.. #..
..P .#


You could see a ten-headed hydra.

Vanquished Creatures
  Rupert (D:12)
  An orc warlord (Bailey)
  The ghost of promet the Warrior, a journeyman OgFi of Cheibriados (D:9)
  Snorg (D:10)
  Josephine (D:12)
  A centaur warrior (D:12)
  Erolcha (D:9)
  A two-headed ogre (D:11)
  A dancing weapon (D:8)
  The ghost of Smersh616 the Covert, a novice OpDe of Ru (D:8)
  Urug (D:10)
  3 bog bodies (Lair:2)
  Pikel (D:8)
  A manticore (D:11)
  2 ugly things
  3 cyclopes
  An elephant (D:10)
  A black mamba (Lair:2)
  Maggie (D:7)
  2 gargoyles
  4 kobold demonologists (D:11)
  A rime drake (Lair:1)
  A cane toad (Lair:2)
  A komodo dragon (Lair:1)
  2 trolls
  10 blink frogs (Lair:2)
  A polar bear (Lair:2)
  5 hornets
  9 slime creatures (D:12)
  A vampire (D:12)
  3 wraiths (D:12)
  47 yaks
  4 wyverns
  A basilisk (D:12)
  Grum (D:9)
  2 steam dragons (D:12)
  7 vampire mosquitoes
  Menkaure (D:4)
  2 swamp worms (Lair:2)
  2 acid dragons
  Duvessa (D:6)
  12 water moccasins
  An ice beast (D:7)
  3 ogres
  3 black bears
  16 orc warriors
  4 sky beasts
  9 centaurs
  10 wolves
  5 kobold brigands
  A phantom (D:7)
  6 bullfrogs
  3 necrophages
  A gnoll sergeant (D:9)
  Dowan (D:6)
  3 wights (D:7)
  7 killer bees
  6 howler monkeys
  Crazy Yiuf (D:2)
  3 hounds
  A jelly (D:6)
  A gnoll bouda (D:6)
  3 orc priests
  An iguana (D:5)
  7 orc wizards
  7 adders
  9 gnolls
  3 shadow imps
  2 white imps
  A worm (D:4)
  3 dart slugs
  41 orcs
  13 ball pythons
  5 endoplasms
  7 giant cockroaches
  23 goblins
  16 hobgoblins
  2 jackals (D:3)
  6 quokkas
  8 bats
  7 frilled lizards
  23 kobolds
  6 rats
422 creatures vanquished.

Vanquished Creatures (collateral kills)
  A hydra (Lair:2)
1 creature vanquished.

Vanquished Creatures (others)
  6 fungi
  15 plants
21 creatures vanquished.

Grand Total: 444 creatures vanquished

Notes
Turn   | Place    | Note
-------+----------+-------------------------------------------
     0 | D:1      | unlimited1921 the Minotaur Fighter began the quest for the
                  | Orb.
     0 | D:1      | Reached XP level 1. HP: 19/19 MP: 0/0
   106 | D:1      | Reached XP level 2. HP: 19/27 MP: 1/1
   239 | D:1      | Reached skill level 4 in Fighting
   480 | D:1      | Reached XP level 3. HP: 33/33 MP: 2/2
   957 | D:2      | Found a runed translucent door.
   958 | D:2      | Noticed Crazy Yiuf
  1071 | D:2      | Reached XP level 4. HP: 40/41 MP: 3/3
  1294 | D:2      | Killed Crazy Yiuf
  1858 | D:3      | Reached XP level 5. HP: 47/47 MP: 4/4
  1877 | D:3      | Noticed an ogre
  2118 | D:2      | Killed an ogre
  2279 | D:3      | Reached skill level 1 in Dodging
  2579 | D:4      | Reached skill level 5 in Fighting
  2852 | D:4      | Noticed Menkaure
  2864 | D:4      | Killed Menkaure
  2865 | D:4      | Reached skill level 5 in Shields
  2865 | D:4      | Reached skill level 1 in Spellcasting
  2865 | D:4      | Reached XP level 6. HP: 6/56 MP: 6/6
  3256 | D:4      | Reached skill level 5 in Axes
  3452 | D:4      | Found an ancient bone altar of Kikubaaqudgha.
  3574 | D:5      | Entered Level 5 of the Dungeon
  3660 | D:5      | Reached skill level 5 in Armour
  3707 | D:5      | Reached XP level 7. HP: 61/61 MP: 8/8
  4931 | D:6      | Noticed Duvessa
  4931 | D:6      | Noticed Dowan
  4938 | D:6      | Killed Dowan
  4946 | D:6      | Killed Duvessa
  4947 | D:6      | Reached skill level 6 in Fighting
  4947 | D:6      | Reached XP level 8. HP: 17/70 MP: 10/10
  5546 | D:6      | Identified the +6 hand axe "Conservator" {antimagic, Drain
                  | rPois rF+ Will+}
  5842 | D:6      | Identified the amulet "Duaseorgh" {Spirit rN+ Will- SInv
                  | Stlth+}
  5990 | D:6      | Found a staircase to the Ecumenical Temple.
  5999 | Temple   | Entered the Ecumenical Temple
  6165 | Temple   | Became a worshipper of the Shining One
  6402 | D:7      | Noticed Maggie
  6419 | D:7      | Killed Maggie
  6795 | D:7      | Reached skill level 7 in Fighting
  7095 | D:7      | Reached XP level 9. HP: 68/79 MP: 4/12
  7176 | D:7      | Reached skill level 8 in Fighting
  7410 | D:7      | Reached * piety under the Shining One
  7547 | D:7      | Found a shimmering altar of Xom.
  7548 | D:7      | Found a shimmering altar of Xom.
  7550 | D:7      | Found a shimmering altar of Xom.
  7552 | D:7      | Found a shimmering altar of Xom.
  8448 | D:8      | Noticed Pikel
  8457 | D:8      | Killed Pikel
  8458 | D:8      | Reached skill level 9 in Fighting
  8506 | D:8      | Found a runed translucent door.
  8507 | D:8      | Found a shimmering altar of Xom.
  8507 | D:8      | Noticed Smersh616's ghost (novice OpDe)
  8509 | D:8      | Noticed a +1 whip of chaos
  8562 | D:8      | Reached XP level 10. HP: 86/91 MP: 4/14
  8564 | D:8      | Found a flagged portal.
  8571 | Bailey   | Entered a bailey
  8753 | Bailey   | Reached skill level 1 in Stealth
  8801 | Bailey   | Reached skill level 10 in Axes
  9106 | Bailey   | Noticed an orc warlord
  9709 | Bailey   | Reached skill level 10 in Fighting
  9709 | Bailey   | Reached skill level 5 in Spellcasting
  9709 | Bailey   | Reached XP level 11. HP: 101/101 MP: 5/17
  9752 | Bailey   | Killed an orc warlord
  9753 | Bailey   | Reached skill level 11 in Fighting
 10377 | D:8      | Found a shadowy altar of Dithmenos.
 10434 | D:8      | Found an opulent altar of Gozag.
 10434 | D:8      | Found an ornate altar of the Wu Jian Council.
 10434 | D:8      | Found a glowing silver altar of Zin.
 10434 | D:8      | Found a sacrificial altar of Ru.
 10438 | D:8      | Found a snail-covered altar of Cheibriados.
 10438 | D:8      | Found a white marble altar of Elyvilon.
 10447 | D:8      | Found a broken altar of Ashenzari.
 10447 | D:8      | Found a hazy altar of Hepliaklqana.
 10447 | D:8      | Found a shimmering blue altar of Sif Muna.
 10657 | D:8      | Killed a +1 whip of chaos
 10658 | D:8      | Reached skill level 1 in Invocations
 10663 | D:8      | Killed Smersh616's ghost
 11425 | D:9      | Reached skill level 5 in Dodging
 11537 | D:9      | Noticed Grum
 11548 | D:9      | Killed Grum
 11781 | D:9      | Found a large runed translucent door.
 11781 | D:9      | Found a large runed translucent door.
 11784 | D:9      | Noticed promet's ghost (journeyman OgFi)
 11784 | D:9      | Reached ** piety under the Shining One
 11962 | D:9      | Noticed Erolcha
 11968 | D:9      | Killed Erolcha
 11969 | D:9      | Reached XP level 12. HP: 112/112 MP: 6/19
 12010 | D:9      | Reached skill level 12 in Fighting
 12291 | D:9      | Killed promet's ghost
 12455 | D:10     | Entered Level 10 of the Dungeon
 12565 | D:10     | Noticed Snorg
 12587 | D:10     | Killed Snorg
 13183 | D:10     | Found Murad's Antique Weapon Emporium.
 13367 | D:10     | Found a staircase to the Lair.
 13477 | D:10     | Noticed Urug
 13509 | D:10     | Killed Urug
 13753 | D:10     | Found Forhah's Armour Shoppe.
 13775 | D:10     | Bought a +2 pair of boots of stealth for 236 gold pieces
 14030 | D:11     | Reached skill level 13 in Fighting
 14147 | D:11     | Found a staircase to the Orcish Mines.
 14308 | D:11     | Noticed a two-headed ogre
 14319 | D:11     | Killed a two-headed ogre
 14320 | D:11     | Reached skill level 1 in Throwing
 14544 | D:11     | Reached *** piety under the Shining One
 14607 | D:11     | Identified the +8 falchion of a wizard's laboratory
                  | {freeze, Fly rElec Str-5 Int+4}
 14805 | D:12     | Reached XP level 13. HP: 103/123 MP: 3/21
 14983 | D:12     | Found a runed translucent gate.
 14983 | D:12     | Found a runed translucent gate.
 14983 | D:12     | Found a runed translucent gate.
 14984 | D:12     | Noticed nroviw's ghost (journeyman MiFi)
 15017 | D:12     | Reached skill level 14 in Fighting
 15637 | D:12     | Reached **** piety under the Shining One
 15640 | D:12     | Noticed Rupert
 15653 | D:12     | HP: 4/124 [Rupert/+6 great sword of electrocution (10)]
 15859 | D:12     | Noticed Josephine
 15874 | D:12     | Killed Josephine
 15875 | D:12     | Reached skill level 5 in Invocations
 16023 | D:12     | Identified the +7 long sword of the Original Sin {speed,
                  | *Slow rN+ Str+2 Int+3}
 16181 | D:12     | Killed Rupert
 16414 | Lair:1   | Entered Level 1 of the Lair of Beasts
 16587 | Lair:1   | You fall into a shaft and drop 1 floor!
 17086 | Lair:2   | Found a staircase to the Snake Pit.
 17205 | Lair:2   | Reached skill level 10 in Armour
 17283 | Lair:2   | Reached ***** piety under the Shining One
 17627 | Lair:2   | HP: 5/125 [13-headed hydra (6)]
 17890 | Lair:2   | Reached skill level 15 in Fighting
 17892 | Lair:2   | Found a staircase to the Swamp.
 18169 | Lair:1   | HP: 5/100 [ten-headed hydra (4)]
 18169 | Lair:1   | Slain by a ten-headed hydra

Illustrated notes

Levels and vault maps discovered:
D:1:      onia_arrival_mini_spirals, layout_rooms,
          shapermc_ecumenical_altar_petra, nrook_loot_triangle
D:2:      layout_rooms, uniq_crazy_yiuf_cottage
D:3:      layout_basic, minmay_mini_jars
D:4:      layout_rooms, nicolae_kikubaaqudgha_miasma_corner, uniq_menkaure
D:5:      layout_cave_pods
D:6:      layout_loops_ring, minmay_temple_entry_poolview,
          minmay_a_box_with_orc_wizards_in_it, uniq_duvessa
D:7:      layout_basic, xom_redecorated, uniq_maggie
D:8:      kennysheep_ambush_hall, layout_cave_pods,
          mainiacjoe_overflow_concentric_impassable, nicolae_overflows_in_rows,
          enter_bailey_3, ebering_ghost_xom, uniq_pikel
D:9:      layout_loops_ring, ebering_ghost_disaster_area, uniq_grum,
          uniq_erolcha
D:10:     layout_loops_ring, david_lair_generic, serial_shops,
          nicolae_shop_stone, nicolae_shop_waterfront, kennysheep_nondescript,
          grunt_ministairs_1, uniq_urug, uniq_snorg
D:11:     layout_small_grid, orc_0_dummy
D:12:     layout_cave_pools, gammafunk_ghost_spectres, hangedman_misty_isle,
          uniq_josephine, uniq_rupert
Temple:   cyrus_temple_forest
Lair:1:   beast_lair_carwin_large_1, layout_loops_ring, lemuel_fruit_tree,
          serial_bayou_shore_b, lemuel_fruit_fields
Lair:2:   layout_cellular_growth, nicolae_swamp_entry_splash_gauntlet,
          minmay_snake_entry_six_corridors

Skill      XL: |  1  2  3  4  5  6  7  8  9 10 11 12 13 |
---------------+----------------------------------------+-----
Shields        | 4 5 6 7 8 |  8.8
Armour         | 4 5 6 7 8 9 10 | 10.0
Fighting       | 4 5 6 7 9 10 11 13 15 | 15.1
Axes           | 3 4 5 6 8 9 10 12 13 14 | 14.4
Dodging        | 1 2 4 5 7 |  7.1
Spellcasting   | 1 2 3 5 6 |  6.8
Stealth        | 2 3 |  3.6
Evocations     | 2 |  2.7
Invocations    | 2 4 5 |  5.9
Throwing       | 1 |  1.7

Action                   |  1- 3 |  4- 6 |  7- 9 | 10-12 | 13-15 || total
-------------------------+-------+-------+-------+-------+-------++-------
Melee: War axe           |    70 |   160 |    79 |       |       ||   309
       Headbutt          |    13 |    19 |    40 |   173 |   141 ||   386
       Hand axe          |       |       |   135 |   558 |   375 ||  1068
       Glaive            |       |       |       |       |     1 ||     1
Throw: Boomerang         |       |       |     6 |       |       ||     6
       Javelin           |       |       |       |     7 |       ||     7
       Dart              |       |       |       |       |    16 ||    16
Evoke: Wand              |       |       |     5 |    10 |     8 ||    23
  Use: Scroll            |     4 |     1 |     5 |    12 |     8 ||    30
       Potion            |       |     2 |     1 |     8 |     2 ||    13
Armor: Scale mail        |    42 |    41 |       |       |       ||    83
       Chain mail        |       |    52 |    72 |       |       ||   124
       Swamp dragon scal |       |       |    52 |    73 |       ||   125
       Troll leather arm |       |       |       |    57 |   104 ||   161
Dodge: Dodged            |    36 |    64 |    97 |   219 |   207 ||   623
Block: Buckler           |    17 |    54 |    45 |   110 |    88 ||   314
